| TOP OF THE 1ST |
|
Detroit Tigers batting - Pitching for New York Yankees : LHP Omar Quinones
|
|
Pitching: LHP Omar Quinones
|
|
|
Batting: RHB Andres Leon
|
0-0: Ball 1-0: Foul Ball, location: 2F 1-1: Ball 2-1: Foul Ball, location: 2F 2-2: Ball 3-2: SINGLE (Groundball, 34D, EV 105.6 MPH)
|
|
Batting: RHB Chris Wheatley
|
0-0: Foul Ball, location: 2F 0-1: Swinging Strike 0-2: Ball 1-2: Foul Ball, location: 2F 1-2: Ball 2-2: Foul Ball, location: 2F 2-2: SINGLE (Groundball, 4MS, EV 72.5 MPH) (infield hit) Andres Leon to second
|
|
Batting: RHB Victor Quinones
|
0-0: Foul Ball, location: 2F 0-1: Foul Ball, location: 2F 0-2: Ball 1-2: Fly out, F6 (Popup, 56, EV 76.9 MPH)
|
|
Batting: RHB Dave Reynolds
|
0-0: Ball 1-0: Ball 2-0: Ball 3-0: Called Strike 3-1: Grounds into double play, 3-6-3 (Groundball, 34, EV 88.8 MPH)
|
| Top of the 1st over - 0 runs, 2 hits, 0 errors, 1 left on base; Detroit 0 - New York 0 |
| BOTTOM OF THE 1ST |
|
New York Yankees batting - Pitching for Detroit Tigers : RHP Andy Miller
|
|
Pitching: RHP Andy Miller
|
|
|
Batting: RHB Jose Tovar
|
0-0: Ball 1-0: Fly out, F5 (Popup, 5SF, EV 76.9 MPH)
|
|
Batting: LHB Joel Vera
|
0-0: Called Strike 0-1: Called Strike 0-2: Fly out, F8 (Flyball, 8RXD, EV 103.1 MPH)
|
|
Batting: SHB Mukhtar Wa'il
|
0-0: Ball 1-0: Ball 2-0: Ball 3-0: Base on Balls
|
|
Batting: LHB Aaron Joyner
|
0-0: Called Strike 0-1: Ball 1-1: 2-RUN HOME RUN (Flyball, 9D, EV 96.9 MPH), Distance : 373 ft
|
|
Batting: RHB Devon Utley
|
0-0: Ball 1-0: Foul Ball, location: 2F 1-1: Ball 2-1: Fly out, F3 (Popup, 3SF, EV 72.5 MPH)
|
| Bottom of the 1st over - 2 runs, 1 hit, 0 errors, 0 left on base; Detroit 0 - New York 2 |
| TOP OF THE 2ND |
|
Detroit Tigers batting - Pitching for New York Yankees : LHP Omar Quinones
|
|
Batting: RHB Dan Friess
|
0-0: SOLO HOME RUN (Flyball, 7D, EV 102.5 MPH), Distance : 419 ft
|
|
Batting: RHB Dan Becvar
|
0-0: Ground out 5-3 (Groundball, 56, EV 102.5 MPH)
|
|
Batting: LHB Morgan Black
|
0-0: Called Strike 0-1: Ball 1-1: Ball 2-1: SINGLE (Groundball, 4D, EV 98.8 MPH)
|
|
Batting: LHB Tyler Davis
|
0-0: Ball Morgan Black steals 2nd base 1-0: Called Strike 1-1: Ground out 6-3 (Groundball, 4M, EV 87.5 MPH) Morgan Black to third
|
|
Batting: SHB Adam Weber
|
0-0: Swinging Strike 0-1: Called Strike 0-2: Ball 1-2: Ball 2-2: Ground out 6-3 (Groundball, 6, EV 77.5 MPH)
|
| Top of the 2nd over - 1 run, 2 hits, 0 errors, 1 left on base; Detroit 1 - New York 2 |
| BOTTOM OF THE 2ND |
|
New York Yankees batting - Pitching for Detroit Tigers : RHP Andy Miller
|
|
Batting: RHB Eric Davis
|
0-0: Foul Ball, location: 2F 0-1: Fly out, F4 (Flyball, 34D, EV 85.6 MPH)
|
|
Batting: SHB Victor Ruiz
|
0-0: Foul Ball, location: 2F 0-1: Ball 1-1: Ball 2-1: Called Strike 2-2: Ball 3-2: Foul Ball, location: 2F 3-2: Foul Ball, location: 2F 3-2: Foul Ball, location: 2F 3-2: Base on Balls
|
|
Batting: RHB Ryan Neal
|
0-0: Called Strike 0-1: Ball 1-1: SINGLE (Groundball, 6M, EV 105.6 MPH) Victor Ruiz to second
|
|
Batting: RHB Mike Gifford
|
0-0: Foul Ball, location: 2F 0-1: Ball 1-1: Ball Wild Pitch! Victor Ruiz to third Ryan Neal to second 2-1: Foul Ball, location: 2F 2-2: Foul Ball, location: 2F 2-2: Strikes out swinging
|
|
Batting: RHB Jose Tovar
|
0-0: Ball 1-0: Ball 2-0: Called Strike 2-1: Called Strike 2-2: Foul Ball, location: 2F 2-2: Foul Ball, location: 2F 2-2: Ball 3-2: SINGLE (Line Drive, 78M, EV 111.2 MPH) Victor Ruiz scores Ryan Neal to third Runner from 3rd tries for Home, SAFE, throw by CF to home Jose Tovar to second
|
|
Batting: LHB Joel Vera
|
0-0: Foul Ball, location: 2F 0-1: Swinging Strike 0-2: Ball 1-2: Ball 2-2: Fly out, F8 (Line Drive, 8LD, EV 95.0 MPH)
|
| Bottom of the 2nd over - 2 runs, 2 hits, 0 errors, 1 left on base; Detroit 1 - New York 4 |
| TOP OF THE 3RD |
|
Detroit Tigers batting - Pitching for New York Yankees : LHP Omar Quinones
|
|
Batting: RHB Andres Leon
|
0-0: Ball 1-0: Ball 2-0: Ball 3-0: Base on Balls
|
|
Batting: RHB Chris Wheatley
|
0-0: Swinging Strike 0-1: Foul Ball, location: 2F 0-2: Fielders Choice at 2nd, 6-4 (Groundball, 6, EV 81.2 MPH)
|
|
Pitching: RHP Mark Stafford
|
|
|
Batting: RHB Victor Quinones
|
0-0: Ball 1-0: Ball 2-0: Fly out, F7 (Flyball, 7D, EV 90.6 MPH)
|
|
Batting: RHB Dave Reynolds
|
0-0: Ball Chris Wheatley steals 2nd, throwing error, E2 Chris Wheatley to third 1-0: Called Strike 1-1: Ball 2-1: Ball 3-1: Ground out 4-3 (Groundball, 4, EV 84.4 MPH)
|
| Top of the 3rd over - 0 runs, 0 hits, 1 error, 1 left on base; Detroit 1 - New York 4 |
| BOTTOM OF THE 3RD |
|
New York Yankees batting - Pitching for Detroit Tigers : RHP Andy Miller
|
|
Batting: SHB Mukhtar Wa'il
|
0-0: Ball 1-0: Ball 2-0: Called Strike 2-1: TRIPLE (Line Drive, 78XD, EV 105.0 MPH)
|
|
Pitching: LHP Josh Thorpe
|
|
|
Batting: LHB Aaron Joyner
|
0-0: Ball 1-0: Called Strike 1-1: Ball 2-1: Foul Ball, location: 2F 2-2: Strikes out swinging
|
|
Batting: RHB Devon Utley
|
0-0: Ball 1-0: Foul Ball, location: 2F 1-1: Foul Ball, location: 2F 1-2: Foul Ball, location: 2F 1-2: Foul Ball, location: 2F 1-2: Reached via error on a dropped throw from SS, E3 (Groundball, 6, EV 83.1 MPH) Mukhtar Wa'il scores
|
|
Batting: RHB Eric Davis
|
0-0: Ball 1-0: Ball 2-0: Grounds into double play, 6-4-3 (Groundball, 6, EV 86.9 MPH)
|
| Bottom of the 3rd over - 1 run, 1 hit, 1 error, 0 left on base; Detroit 1 - New York 5 |
| TOP OF THE 4TH |
|
Detroit Tigers batting - Pitching for New York Yankees : RHP Mark Stafford
|
|
Batting: RHB Dan Friess
|
0-0: Ball 1-0: Ball 2-0: SINGLE (Line Drive, 89S, EV 105.6 MPH)
|
|
Batting: RHB Dan Becvar
|
0-0: Grounds into double play, 6-4-3 (Groundball, 56, EV 84.4 MPH)
|
|
Batting: LHB Morgan Black
|
0-0: Swinging Strike 0-1: Ball 1-1: Ball 2-1: Foul Ball, location: 2F 2-2: SINGLE (Groundball, 34D, EV 94.4 MPH)
|
|
Batting: LHB Tyler Davis
|
0-0: Called Strike 0-1: Ball 1-1: Ball 2-1: Ball 3-1: Ground out 4-3 (Groundball, 4, EV 108.8 MPH)
|
| Top of the 4th over - 0 runs, 2 hits, 0 errors, 1 left on base; Detroit 1 - New York 5 |
| BOTTOM OF THE 4TH |
|
New York Yankees batting - Pitching for Detroit Tigers : LHP Josh Thorpe
|
|
Pitching: RHP Steve McGaughey
|
|
|
Batting: SHB Victor Ruiz
|
0-0: Foul Ball, location: 2F 0-1: Fly out, F7 (Flyball, 7, EV 89.4 MPH)
|
|
Batting: RHB Ryan Neal
|
0-0: Ball 1-0: Fly out, F7 (Flyball, 78M, EV 95.6 MPH)
|
|
Batting: RHB Mike Gifford
|
0-0: Swinging Strike 0-1: Foul Ball, location: 2F 0-2: Foul Ball, location: 2F 0-2: Foul Ball, location: 2F 0-2: Strikes out swinging
|
| Bottom of the 4th over - 0 runs, 0 hits, 0 errors, 0 left on base; Detroit 1 - New York 5 |
| TOP OF THE 5TH |
|
Detroit Tigers batting - Pitching for New York Yankees : RHP Mark Stafford
|
|
Pitching: LHP Arturo Eli
|
|
|
Now at C: Geni Prawiranega
|
|
|
Now at 2B: Jeckel Hester
|
|
|
Now in CF: Russ Shambaugh
|
|
|
Now in RF: Gus Berry
|
|
|
Batting: SHB Adam Weber
|
0-0: Ball 1-0: Called Strike 1-1: Called Strike 1-2: Ball 2-2: Strikes out swinging
|
|
Pinch Hitting: RHB Brady Jeleniewski
|
0-0: Ball 1-0: Swinging Strike 1-1: SINGLE (Groundball, 6S, EV 66.2 MPH) (infield hit)
|
|
Batting: RHB Chris Wheatley
|
0-0: Foul Ball, location: 2F 0-1: Foul Ball, location: 2F 0-2: Ball 1-2: Ball 2-2: Foul Ball, location: 2F 2-2: Ground out 5-3 (Groundball, 56, EV 91.2 MPH) Brady Jeleniewski to second
|
|
Batting: RHB Victor Quinones
|
0-0: Ball 1-0: Foul Ball, location: 2F 1-1: Foul Ball, location: 2F 1-2: Foul Ball, location: 2F 1-2: Ball 2-2: Fly out, F7 (Flyball, 7D, EV 96.2 MPH)
|
| Top of the 5th over - 0 runs, 1 hit, 0 errors, 1 left on base; Detroit 1 - New York 5 |
| BOTTOM OF THE 5TH |
|
New York Yankees batting - Pitching for Detroit Tigers : RHP Steve McGaughey
|
|
Pitching: RHP Bobby Wright
|
|
|
Now at 3B: Jerry Jauregui
|
|
|
Now at SS: Brady Jeleniewski
|
|
|
Now in LF: Brandon O'Malley
|
|
|
Now in RF: Eric Garrett
|
|
|
Batting: RHB Jose Tovar
|
0-0: Ball 1-0: Ball 2-0: Ball 3-0: Called Strike 3-1: Fly out, F8 (Line Drive, 78M, EV 86.9 MPH)
|
|
Batting: SHB Gus Berry
|
0-0: Ball 1-0: Ball 2-0: Ball 3-0: Called Strike 3-1: SINGLE (Popup, 34, EV 65.0 MPH)
|
|
Batting: SHB Mukhtar Wa'il
|
0-0: Called Strike 0-1: Ball 1-1: Ball 2-1: Called Strike 2-2: Foul Ball, location: 2F 2-2: Fielders Choice at 2nd, 3-6 (Groundball, 3, EV 85.0 MPH)
|
|
Batting: RHB Jeckel Hester
|
0-0: Ball 1-0: Ball 2-0: Foul Ball, location: 2F 2-1: SINGLE (Groundball, 25, EV 73.1 MPH) (infield hit) Mukhtar Wa'il to second
|
|
Pitching: RHP Nate Mull
|
|
|
Batting: RHB Devon Utley
|
0-0: Called Strike 0-1: Ball 1-1: Ball 2-1: SINGLE (Line Drive, 6D, EV 95.0 MPH) Mukhtar Wa'il to third Jeckel Hester to second
|
|
Pinch Hitting: SHB Bartholomeu Chambino
|
0-0: Ball 1-0: Ball 2-0: Ball 3-0: Called Strike 3-1: Swinging Strike 3-2: Fly out, F9 (Flyball, 9LS, EV 89.4 MPH)
|
| Bottom of the 5th over - 0 runs, 3 hits, 0 errors, 3 left on base; Detroit 1 - New York 5 |
| TOP OF THE 6TH |
|
Detroit Tigers batting - Pitching for New York Yankees : LHP Arturo Eli
|
|
Pitching: LHP Julio Gonzalez
|
|
|
Now at 3B: Bartholomeu Chambino
|
|
|
Batting: SHB Ross Holland
|
0-0: Fly out, F9 (Flyball, 89M, EV 88.8 MPH)
|
|
Pinch Hitting: LHB Frank McConnell
|
0-0: Ball 1-0: Foul Ball, location: 2F 1-1: Ball 2-1: SINGLE (Line Drive, 8RS, EV 85.6 MPH)
|
|
Batting: RHB Dan Becvar
|
0-0: Called Strike Frank McConnell steals 2nd base (no throw) 0-1: Called Strike 0-2: Ball 1-2: Ground out 1-3 (Groundball, 13S, EV 65.0 MPH) Frank McConnell to third
|
|
Batting: RHB Jerry Jauregui
|
0-0: Called Strike 0-1: Ball 1-1: Ground out 2-3 (Groundball, 15S, EV 61.2 MPH)
|
| Top of the 6th over - 0 runs, 1 hit, 0 errors, 1 left on base; Detroit 1 - New York 5 |
| BOTTOM OF THE 6TH |
|
New York Yankees batting - Pitching for Detroit Tigers : RHP Nate Mull
|
|
Now at 1B: Adam MacConnell
|
|
|
Now at 2B: Frank McConnell
|
|
|
Batting: RHB Russ Shambaugh
|
0-0: Ground out 4-3 (Groundball, 4, EV 106.9 MPH)
|
|
Batting: RHB Ryan Neal
|
0-0: Ball 1-0: Called Strike 1-1: Called Strike 1-2: Ball 2-2: Ball 3-2: Base on Balls
|
|
Batting: RHB Geni Prawiranega
|
0-0: Ball 1-0: Ball 2-0: Fly out, F7 (Flyball, 7D, EV 97.5 MPH)
|
|
Pitching: RHP Dave Valdez
|
|
|
Pinch Hitting: SHB Jay Gagnon
|
0-0: Ball 1-0: Foul Ball, location: 2F 1-1: Called Strike 1-2: Foul Ball, location: 2F 1-2: Ball 2-2: Foul Ball, location: 2F 2-2: Foul Ball, location: 2F 2-2: Foul Ball, location: 2F 2-2: Foul Ball, location: 2F 2-2: Ball Ryan Neal is caught stealing 2nd base 2-6
|
| Bottom of the 6th over - 0 runs, 0 hits, 0 errors, 0 left on base; Detroit 1 - New York 5 |
| TOP OF THE 7TH |
|
Detroit Tigers batting - Pitching for New York Yankees : LHP Julio Gonzalez
|
|
Pitching: RHP Tim Catalano
|
|
|
Now at SS: Dan Morris
|
|
|
Now in LF: Russ Shambaugh
|
|
|
Now in CF: Jay Gagnon
|
|
|
Batting: RHB Eric Garrett
|
0-0: Foul Ball, location: 2F 0-1: Swinging Strike 0-2: Ball 1-2: SINGLE (Groundball, 34D, EV 96.9 MPH)
|
|
Batting: RHB Brandon O'Malley
|
0-0: Called Strike 0-1: Called Strike 0-2: Foul Ball, location: 2F 0-2: Foul Ball, location: 2F 0-2: Ball 1-2: Strikes out swinging
|
|
Batting: RHB Brady Jeleniewski
|
0-0: Fly out, F8 (Flyball, 8RD, EV 100.0 MPH)
|
|
Batting: RHB Adam MacConnell
|
0-0: Fly out, F9 (Flyball, 9D, EV 86.2 MPH)
|
| Top of the 7th over - 0 runs, 1 hit, 0 errors, 1 left on base; Detroit 1 - New York 5 |
| BOTTOM OF THE 7TH |
|
New York Yankees batting - Pitching for Detroit Tigers : RHP Dave Valdez
|
|
Batting: SHB Jay Gagnon
|
0-0: Ball 1-0: Ground out 1-3 (Groundball, 13S, EV 66.9 MPH)
|
|
Batting: SHB Gus Berry
|
0-0: Called Strike 0-1: Ball 1-1: Ball 2-1: Ball 3-1: Base on Balls
|
|
Pinch Hitting: LHB Jared Zulkowski
|
0-0: Ball 1-0: Ball 2-0: Called Strike 2-1: Swinging Strike 2-2: Strikes out swinging
|
|
Batting: RHB Jeckel Hester
|
0-0: Called Strike 0-1: Foul Ball, location: 2F 0-2: Ground out 6-3 (Groundball, 6, EV 89.4 MPH)
|
| Bottom of the 7th over - 0 runs, 0 hits, 0 errors, 1 left on base; Detroit 1 - New York 5 |
| TOP OF THE 8TH |
|
Detroit Tigers batting - Pitching for New York Yankees : RHP Tim Catalano
|
|
Pitching: RHP Brad Kramer
|
|
|
Now at 1B: Shiro Suehiro
|
|
|
Batting: RHB Victor Quinones
|
0-0: Fly out, F7 (Line Drive, 7S, EV 91.2 MPH)
|
|
Batting: SHB Ross Holland
|
0-0: Ball 1-0: Ball 2-0: Called Strike 2-1: Swinging Strike 2-2: Strikes out swinging
|
|
Batting: LHB Frank McConnell
|
0-0: Foul Ball, location: 2F 0-1: Ground out U3 (Groundball, 23, EV 90.6 MPH)
|
| Top of the 8th over - 0 runs, 0 hits, 0 errors, 0 left on base; Detroit 1 - New York 5 |
| BOTTOM OF THE 8TH |
|
New York Yankees batting - Pitching for Detroit Tigers : RHP Dave Valdez
|
|
Pitching: RHP Ricky Tercero
|
|
|
Batting: RHB Devon Utley
|
0-0: Foul Ball, location: 2F 0-1: Foul Ball, location: 2F 0-2: Strikes out swinging
|
|
Batting: SHB Bartholomeu Chambino
|
0-0: TRIPLE (Flyball, 89XD, EV 96.2 MPH)
|
|
Batting: RHB Russ Shambaugh
|
0-0: Ball 1-0: Ball 2-0: Swinging Strike 2-1: Foul Ball, location: 2F 2-2: Ball 3-2: Base on Balls
|
|
Batting: LHB Dan Morris
|
0-0: Ball 1-0: Swinging Strike 1-1: Foul Ball, location: 2F 1-2: Fielders Choice at 2nd, 6-4 (Groundball, 6, EV 92.5 MPH) Bartholomeu Chambino scores
|
|
Batting: RHB Geni Prawiranega
|
0-0: Ball Dan Morris steals 2nd base 1-0: Ball 2-0: Ball 3-0: Base on Balls
|
|
Batting: SHB Jay Gagnon
|
0-0: Ball 1-0: Called Strike 1-1: Swinging Strike 1-2: Ball 2-2: Foul Ball, location: 2F 2-2: Fly out, F9 (Line Drive, 89M, EV 93.1 MPH)
|
| Bottom of the 8th over - 1 run, 1 hit, 0 errors, 2 left on base; Detroit 1 - New York 6 |
| TOP OF THE 9TH |
|
Detroit Tigers batting - Pitching for New York Yankees : RHP Brad Kramer
|
|
Pitching: RHP Andres Galindo
|
|
|
Pinch Hitting: RHB Joel Miller
|
0-0: Called Strike 0-1: Called Strike 0-2: Ball 1-2: Reached via error on a dropped throw from SS, E3 (Groundball, 6, EV 87.5 MPH)
|
|
Batting: RHB Jerry Jauregui
|
0-0: Swinging Strike 0-1: Swinging Strike 0-2: Ball 1-2: Strikes out looking
|
|
Batting: RHB Eric Garrett
|
0-0: Ball 1-0: Called Strike 1-1: Ball 2-1: Foul Ball, location: 2F 2-2: Foul Ball, location: 2F 2-2: Strikes out swinging
|
|
Batting: RHB Brandon O'Malley
|
0-0: Called Strike 0-1: Ball 1-1: Swinging Strike 1-2: Foul Ball, location: 2F 1-2: SINGLE (Flyball, 7LS, EV 95.0 MPH) Joel Miller to second
|
|
Pinch Hitting: LHB Dave Carlisle
|
0-0: Swinging Strike 0-1: Foul Ball, location: 2F 0-2: Foul Ball, location: 2F 0-2: Ball 1-2: Foul Ball, location: 2F 1-2: Foul Ball, location: 2F 1-2: Ball 2-2: Ball 3-2: Base on Balls Joel Miller to third Brandon O'Malley to second
|
|
Batting: RHB Adam MacConnell
|
0-0: Ball 1-0: Called Strike 1-1: Foul Ball, location: 2F 1-2: Ball 2-2: Ball 3-2: Foul Ball, location: 2F 3-2: Foul Ball, location: 2F 3-2: Ground out 4-3 (Groundball, 4, EV 80.0 MPH)
|
| Top of the 9th over - 0 runs, 1 hit, 1 error, 3 left on base; Detroit 1 - New York 6 |
|